Map: Deathaura LE

Players

rottenorange

  • Race: Zerg Zerg
  • Spawn Location: 11:00

itsDani - Winner!

  • Race: Zerg Zerg
  • League: Platinum
  • Spawn Location: 5:00

VOD

Have the link to the VOD?

Description

Time

  • Played on: Oct. 1, 2020, 2:32 p.m.
  • Length: 17:08
Show
View Real Time Build Order
Export as new Build Order

rottenorange Zerg 

Build Orders: Hatch First, Lurkers 

Get SALT Encoding   

  12  0:00  Drone  
  13  0:13  Overlord  
  13  0:18  Drone  
  14  0:32  Drone x2  
  16  0:38  Drone  
  17  0:47  Drone  
  18  1:02  Drone  
  19  1:19  Hatchery, Extractor  
  19  1:21  Spawning Pool  
  19  1:23  Drone  
  19  1:24  Drone  
  18  1:32  Drone  
  19  1:42  Drone  
  20  1:51  Overlord  
  20  2:07  Drone  
  21  2:11  Queen  
  23  2:16  Drone  
  23  2:19  Metabolic Boost  
  24  2:36  Queen  
  26  2:40  Drone x3  
  29  2:47  Queen  
  29  2:49  Drone x2  
  33  2:52  Overlord  
  33  2:58  Drone  
  33  3:04  Drone  
  35  3:08  Overlord  
  35  3:13  Queen  
  37  3:33  Lair  
  37  3:39  Zergling x14  
  37  3:40  Zergling x2  
  45  3:50  Roach Warren  
  44  4:04  Drone x3  
  44  4:06  Overlord x2  
  44  4:07  Overlord  
  47  4:16  Drone x3  
  50  4:22  Drone  
  50  4:23  Extractor, Drone  
  51  4:32  Zergling x2  
  51  4:33  Zergling x6  
  51  4:35  Glial Reconstitution  
  55  4:46  Extractor  
  55  4:51  Roach x4  
  62  4:53  Roach  
  64  5:06  Drone x3  
  67  5:07  Overlord x3  
  67  5:32  Roach x2  
  67  5:33  Roach x6  
  83  5:39  Evolution Chamber  
  83  5:42  Evolution Chamber  
  81  5:46  Roach x2  
  81  5:47  Roach x2  
  89  5:52  Extractor  
  88  5:58  Hydralisk Den  
  87  6:20  Roach x6  
  87  6:22  Overlord x3  
  87  6:25  Hatchery  
  98  6:29  Overlord x2  
  98  6:37  Zerg Missile Weapons Level 1  
  98  6:58  Drone x3  
  98  7:00  Zerg Ground Armor Level 1  
  101  7:01  Hydralisk x4  
  109  7:22  Drone x3  
  112  7:33  Muscular Augments  
  112  7:39  Hydralisk x6  
  117  8:23  Hydralisk x10  
  137  8:27  Overlord x2  
  134  9:31  Drone  
  134  9:32  Drone x19  
  154  9:39  Overlord x2  
  154  9:49  Overlord x3  
  153  10:22  Hydralisk  
  153  10:23  Hydralisk x12  
  179  10:48  Overseer  
  179  10:52  Drone x2, Spine Crawler  
  179  10:56  Extractor  
  179  10:57  Extractor  
  152  11:33  Roach x3  
  152  11:34  Roach x15  
  180  12:08  Overseer x3  
  180  12:09  Overseer x2  
  180  12:12  Zerg Missile Weapons Level 2  
  180  12:15  Zerg Ground Armor Level 2  
  180  12:16  Grooved Spines  
  180  12:31  Overlord x3  
  180  12:32  Overlord x4  
  180  12:41  Drone  
  180  12:43  Drone x2  
  180  12:44  Drone  
  184  13:02  Infestation Pit  
  183  13:06  Lurker Den, Hydralisk  
  183  13:07  Hydralisk x8  
  200  13:29  Hatchery  
  121  13:46  Roach x10  
  121  13:47  Roach  
  116  13:59  Overseer  
  116  14:00  Overseer x3  
  115  14:04  Overseer x2  
  115  14:05  Overseer x3  
  115  14:08  Roach  
  115  14:09  Roach x7  
  131  14:36  Lurker x2  
  131  14:37  Lurker x8  
  131  14:38  Lurker  
  88  15:26  Roach  
  88  15:27  Roach x12  
  108  15:31  Roach x3  
  108  15:32  Queen  
  116  15:53  Hydralisk  
  116  15:54  Hydralisk x6  
  130  16:08  Queen  
  127  16:30  Hydralisk  
  127  16:31  Hydralisk x12  
Show
View Real Time Build Order
Export as new Build Order

itsDani Zerg - Winner!

Build Orders: Hatch First, Lurkers, Roach Hydra 

Get SALT Encoding   

  12  0:00  Drone  
  13  0:12  Overlord  
  13  0:16  Drone  
  14  0:30  Drone x2  
  16  0:49  Hatchery  
  15  0:59  Drone x3  
  18  1:07  Extractor  
  17  1:15  Spawning Pool  
  17  1:18  Drone  
  17  1:21  Drone  
  18  1:31  Drone  
  19  1:42  Overlord  
  19  1:53  Drone  
  20  2:02  Queen x2  
  20  2:05  Zergling x4  
  26  2:15  Metabolic Boost  
  26  2:21  Drone x2  
  28  2:23  Drone  
  28  2:25  Drone  
  30  2:34  Drone  
  31  2:41  Drone  
  31  2:42  Queen  
  31  2:44  Queen  
  34  2:48  Overlord  
  36  2:52  Overlord  
  36  3:06  Extractor  
  36  3:07  Extractor, Drone  
  36  3:09  Drone  
  36  3:15  Drone x2  
  36  3:16  Drone x3  
  41  3:24  Queen  
  43  3:30  Drone x3  
  46  3:40  Lair  
  46  3:41  Zergling x6  
  49  3:49  Roach Warren  
  49  3:50  Evolution Chamber  
  47  3:56  Drone x3  
  47  3:58  Drone x2  
  47  3:59  Overlord  
  52  4:03  Overlord  
  52  4:15  Extractor  
  51  4:27  Drone x2  
  51  4:28  Overlord, Drone x3  
  51  4:29  Overlord  
  51  4:30  Roach  
  58  4:33  Zerg Missile Weapons Level 1  
  58  4:39  Drone  
  58  4:40  Evolution Chamber  
  58  4:45  Drone  
  58  4:48  Drone x4  
  63  4:55  Glial Reconstitution  
  63  4:57  Roach  
  63  4:58  Roach x2  
  69  5:06  Zerg Ground Armor Level 1  
  69  5:12  Hydralisk Den  
  72  5:21  Roach x4  
  72  5:22  Roach x2  
  80  5:39  Overlord x3  
  80  5:41  Hydralisk x2  
  84  5:47  Lurker Den  
  82  6:02  Overseer x2  
  82  6:05  Grooved Spines  
  82  6:06  Hydralisk  
  82  6:07  Hydralisk  
  82  6:08  Overlord x2  
  86  6:36  Hydralisk  
  86  6:37  Hydralisk x4  
  86  6:38  Overlord x2  
  86  6:39  Overlord  
  96  6:42  Drone  
  97  6:50  Infestation Pit  
  96  6:55  Hatchery  
  95  7:10  Hydralisk x4  
  95  7:11  Hydralisk x2  
  107  7:16  Muscular Augments  
  107  7:22  Zerg Missile Weapons Level 2  
  107  7:27  Zergling x4  
  107  7:28  Zergling x2  
  107  7:29  Drone x3  
  113  8:00  Hydralisk x6  
  113  8:04  Hive  
  125  8:09  Drone x6  
  131  8:13  Extractor x2  
  131  8:18  Lurker  
  130  8:20  Drone x6  
  136  8:37  Zerg Ground Armor Level 2  
  136  8:40  Zergling x12  
  142  8:45  Overlord  
  142  8:46  Overlord x4  
  142  8:55  Hydralisk  
  142  9:01  Pneumatized Carapace  
  144  9:07  Drone x4  
  144  9:08  Drone x2  
  150  9:26  Drone  
  150  9:27  Drone x6  
  152  9:35  Lurker x3  
  152  9:36  Lurker x2  
  152  9:37  Overlord x3  
  155  9:42  Hatchery  
  155  9:44  Burrow, Zerg Missile Weapons Level 3  
  154  10:02  Hydralisk  
  154  10:03  Hydralisk x5  
  154  10:05  Overlord x2  
  157  10:29  Hydralisk x9  
  174  10:46  Hydralisk x5  
  174  10:47  Hydralisk  
  174  10:48  Overlord x3  
  186  10:54  Drone x6  
  184  11:15  Spine Crawler  
  184  11:16  Spine Crawler  
  184  11:17  Extractor, Spine Crawler  
  178  11:19  Hatchery  
  178  11:24  Hydralisk x7  
  178  11:25  Hydralisk  
  181  11:33  Zerg Ground Armor Level 3  
  181  11:40  Spine Crawler  
  181  11:46  Viper  
  181  12:17  Lurker  
  181  12:21  Lurker  
  181  12:22  Lurker x2  
  185  12:26  Hydralisk x6  
  197  12:31  Hydralisk  
  199  12:52  Drone  
  199  12:54  Extractor  
  199  13:13  Overlord x4  
  188  13:41  Hydralisk x13  
  173  13:42  Hydralisk  
  199  14:06  Drone  
  200  14:22  Overseer x5  
  200  14:23  Overseer  
  198  14:56  Adaptive Talons  
  168  15:35  Lurker x2  
  171  15:36  Lurker x5  
  171  15:37  Lurker x2  
  171  15:42  Hydralisk x11  
  178  15:43  Hydralisk  
  200  15:53  Seismic Spines  
  200  16:10  Spine Crawler  
  193  16:11  Spine Crawler  
  193  16:12  Spine Crawler  
  193  16:13  Spine Crawler  
  175  16:33  Viper x5  
  175  16:36  Hydralisk x5  
Tags
 
League
Platinum
Matchup
ZvZ
Race
Zerg
Replay Pack
replays
Spawn Locations
Cross Positions
Add a new tag
Caveats
  • Supply blocks, unpowered buildings, or Contaminate may cause inaccurate times.
  • Supply counts are checked every 10 seconds.